Sabres vs Kings
(R1)
Created - January 16, 2018 at 19:01
Goals
|
| Sabres |
0 |
3 |
0 |
3 |
| Kings |
0 |
2 |
2 |
4 |
|
Shots
|
| Sabres |
9 |
18 |
14 |
41 |
| Kings |
6 |
10 |
14 |
30 |
|
1st period
No Goal
Penalties :
Nathan Horton (LAK) for Interference (Minor) at 3:43, Radko Gudas (LAK) for Hooking (Minor) at 10:26, Josef Vasicek (LAK) for Tripping (Minor) at 17:09
2nd period
1. Sabres , Zach Bogosian 12 (Ilya Kovalchuk 22) at 1:20 (PP)
2. Kings , Patric Hornqvist 25 (Frans Nielsen 15, Shane O'Brien 10) at 4:22
3. Kings , Greg Campbell 3 (Chris Mcallister 7, Drew Doughty 44) at 8:23
4. Sabres , Brandon Sutter 7 (Jared Cowen 12, Michael Kostka 12) at 14:36
5. Sabres , Zach Bogosian 13 (Rob Scuderi 14) at 15:37
Penalties :
Frans Nielsen (LAK) for Delaying the game (Minor) at 1:07, Colton Parayko (LAK) for Tripping (Minor) at 9:55, Colton Parayko (LAK) for Hooking (Minor) at 12:04, Ryan O'Reilly (Buf) for Tripping (Minor) at 19:30
3rd period
6. Kings , Chris Mcallister 8 (Cam Janssen 1, Radko Gudas 6) at 16:26
7. Kings , Drew Doughty 9 (Jason Pominville 20, Jonathan Quick) at 18:48
Penalties :
Anze Kopitar (LAK) for Slashing (Minor) at 1:22
Goalie Stats
Robin Lehner (Buf), 26 saves from 30 shots - (0.867), L, 20-8-1, 58:52 minutes
Jonathan Quick (LAK), 38 saves from 41 shots - (0.927), W, 18-10-3, 60:00 minutes
Players Stats for Sabres
Player Name G A P +/- PIM S H SB GA TA FO MP PP MP PK MP
------------------------------------------------------------------------------------
Andrei Loktionov 0 0 0 -3 0 4 3 0 0 1 4/8 15:20 4:52 0:03
Brad Richardson 0 0 0 1 0 1 0 0 1 0 0/0 7:33 0:21 0:00
Brandon Sutter 1 0 1 2 0 1 2 1 0 1 4/6 8:51 0:14 1:18
Darcy Hordichuk 0 0 0 1 0 0 1 0 0 0 0/0 8:28 0:12 1:17
Evander Kane 0 0 0 -3 0 4 0 0 0 0 0/0 15:32 5:04 0:03
Ilya Kovalchuk 0 1 1 -1 0 7 3 0 1 0 1/3 23:36 6:44 0:20
Jakub Kindl 0 0 0 -1 0 0 0 0 0 0 0/0 9:46 0:00 0:00
Jared Cowen 0 1 1 0 0 1 2 1 0 0 0/0 22:32 4:57 1:15
Jordan Leopold 0 0 0 -1 0 0 0 0 0 1 0/0 9:46 0:00 0:00
Kyle Okposo 0 0 0 -1 0 4 4 0 0 0 4/6 21:29 5:04 0:00
Matt Martin 0 0 0 1 0 1 2 0 0 0 0/0 12:35 0:00 0:23
Michael Kostka 0 1 1 0 0 2 1 0 0 1 0/0 23:43 4:57 1:15
Rob Scuderi 0 1 1 -1 0 2 1 2 0 0 0/0 26:31 7:03 0:37
Ryan O'Reilly 0 0 0 -1 2 1 0 0 0 0 15/28 15:20 0:20 0:00
Scottie Upshall 0 0 0 1 0 0 1 0 0 0 0/1 12:12 0:00 0:00
Vincent Lecavalier 0 0 0 0 0 3 3 1 0 0 12/25 20:10 6:34 0:20
Zach Bogosian 2 0 2 -1 0 9 0 1 0 0 0/0 27:42 7:03 0:37
Zack Kassian 0 0 0 -3 0 1 2 0 0 0 0/1 16:54 6:35 0:00
Players Stats for Kings
Player Name G A P +/- PIM S H SB GA TA FO MP PP MP PK MP
------------------------------------------------------------------------------------
Anze Kopitar 0 0 0 1 2 3 4 1 1 0 20/36 23:07 1:07 5:41
Cam Fowler 0 0 0 -1 0 1 0 0 0 0 0/0 12:10 0:34 1:12
Cam Janssen 0 1 1 2 0 0 0 0 0 0 0/0 4:45 0:00 0:00
Chris Mcallister 1 1 2 2 0 2 2 0 0 0 0/0 13:45 0:00 6:38
Colton Parayko 0 0 0 1 4 3 3 0 0 0 0/0 17:35 0:00 0:00
Drew Doughty 1 1 2 1 0 3 0 2 1 0 0/0 26:14 1:18 5:08
Frans Nielsen 0 1 1 1 2 0 2 1 0 0 9/22 15:28 0:44 0:41
Greg Campbell 1 0 1 2 0 2 0 1 0 0 3/8 7:21 0:00 2:26
Jason Pominville 0 1 1 1 0 4 0 0 0 0 1/2 20:14 1:18 3:32
Johnny Gaudreau 0 0 0 1 0 1 1 0 0 0 0/0 18:29 1:08 1:24
Josef Vasicek 0 0 0 -2 2 1 0 1 0 0 1/3 10:52 0:00 0:00
Kyle Clifford 0 0 0 1 0 1 1 0 0 0 2/2 13:12 0:44 0:00
Marcus Nilson 0 0 0 -2 0 0 0 0 1 0 0/1 10:29 0:00 0:00
Nathan Horton 0 0 0 -2 2 3 0 0 0 0 1/2 17:00 0:44 3:21
Patric Hornqvist 1 0 1 1 0 4 2 0 0 0 1/2 14:15 1:08 0:17
Radko Gudas 0 1 1 2 2 2 3 0 0 0 0/0 20:25 0:00 3:35
Randy Jones 0 0 0 -1 0 0 2 2 0 2 0/0 16:36 0:00 6:43
Shane O'Brien 0 1 1 2 0 0 2 2 1 0 0/0 25:49 0:34 7:22
3 Stars
1 - Chris Mcallister (LAK)
2 - Drew Doughty (LAK)
3 - Brandon Sutter (Buf)
Power Play
Sabres - 1 on 7 Attempt(s) - 14.29%
Kings - 0 on 1 Attempt(s) - 0.00%
Penalty Kill
Sabres - 1 on 1 Attempt(s) - 100.00%
- Score 0 goal in Penalty Kill
Kings - 6 on 7 Attempt(s) - 85.71%
- Score 0 goal in Penalty Kill
Team Stat
Sabres - Hits : 25 - Faceoff Wins : 40 - Blocked Shots : 6 - Penalty Minutes : 2
Kings - Hits : 22 - Faceoff Wins : 38 - Blocked Shots : 10 - Penalty Minutes : 14
Official
Referees : Martell Rob and Rooney Chris
Linesman : Darren Gibbs and Steve Miller
Game Notes
No Game Note
Finance
Level 1 -- Attendance: 5326 (88.77%) -- Ticket Income $479,340
Level 2 -- Attendance: 3533 (70.66%) -- Ticket Income $229,645
Level 3 -- Attendance: 1495 (74.75%) -- Ticket Income $59,800
Level 4 -- Attendance: 2931 (73.28%) -- Ticket Income $87,930
Luxury Box -- Attendance: 1000 (100.00%) -- Ticket Income $145,000
Game was played at the Staples Center.
Total Attendance: 14285 (79.36%)
Total Ticket Income: $1,001,715
Other Income: $150,257
Total Income: $1,151,972
Sabres
5 vs 5 Forward
Center Left Wing Right Wing Time % Phy DF OF
1 Ryan O'Reilly Ilya Kovalchuk Kyle Okposo 40 0 2 3
2 Andrei Loktionov Evander Kane Zack Kassian 26 0 2 3
3 Vincent Lecavalier Matt Martin Scottie Upshall 26 1 2 2
4 Brandon Sutter Darcy Hordichuk Brad Richardson 8 0 3 2
5 vs 5 Defense
Defense Defense Time % Phy DF OF
1 Zach Bogosian Rob Scuderi 42 0 2 3
2 Michael Kostka Jared Cowen 37 0 3 2
3 Jakub Kindl Jordan Leopold 21 0 4 1
4 Michael Kostka Jared Cowen 0 0 3 2
PowerPlay Forward
Center Left Wing Right Wing Time % Phy DF OF
1 Vincent Lecavalier Ilya Kovalchuk Zack Kassian 60 1 0 4
2 Andrei Loktionov Evander Kane Kyle Okposo 40 1 0 4
PowerPlay Defense
Defense Defense Time % Phy DF OF
1 Zach Bogosian Rob Scuderi 60 0 1 4
2 Michael Kostka Jared Cowen 40 0 1 4
Penalty Kill 4 Players Forward
Center Wing Time % Phy DF OF
1 Brandon Sutter Darcy Hordichuk 60 0 5 0
2 Vincent Lecavalier Ilya Kovalchuk 40 0 4 1
Penalty Kill 4 Players Defense
Defense Defense Time % Phy DF OF
1 Michael Kostka Jared Cowen 60 0 5 0
2 Zach Bogosian Rob Scuderi 40 0 4 1
Penalty Kill - 3 Players Forward
Forward Time % Phy DF OF
1 Brandon Sutter 60 0 5 0
2 Darcy Hordichuk 40 0 5 0
Penalty Kill - 3 Players Defense
Defense Defense Time % Phy DF OF
1 Michael Kostka Jared Cowen 60 0 5 0
2 Zach Bogosian Rob Scuderi 40 0 5 0
4 vs 4 Forward
Center Wing Time % Phy DF OF
1 Ryan O'Reilly Ilya Kovalchuk 60 1 2 2
2 Vincent Lecavalier Zack Kassian 40 1 2 2
4 vs 4 Defense
Defense Defense Time % Phy DF OF
1 Zach Bogosian Rob Scuderi 60 1 2 2
2 Michael Kostka Jared Cowen 40 1 2 2
Last Minutes Offensive
Center Left Wing Right Wing Defense Defense
Vincent Lecavalier Ilya Kovalchuk Kyle Okposo Zach Bogosian Michael Kostka
Last Minutes Defensive
Center Left Wing Right Wing Defense Defense
Brandon Sutter Ilya Kovalchuk Zack Kassian Zach Bogosian Jared Cowen
Goaltenders
Starting : Robin Lehner
Backup : Jonas Hiller
Extra Forwards
Normal : Ilya Kovalchuk, Kyle Okposo, Vincent Lecavalier - PP : Kyle Okposo, Vincent Lecavalier - PK : Matt Martin
Extra Defensemen
Normal : Jakub Kindl, Jordan Leopold, Michael Kostka - PP : Jakub Kindl - PK : Jordan Leopold, Michael Kostka
Penalty Shots
Ilya Kovalchuk, Vincent Lecavalier, Evander Kane, Darcy Hordichuk, Kyle Okposo
Scratches
Michael Haley (Healthy)
Kings
5 vs 5 Forward
Center Left Wing Right Wing Time % Phy DF OF
1 Frans Nielsen Kyle Clifford Patric Hornqvist 40 1 3 1
2 Anze Kopitar Johnny Gaudreau Jason Pominville 40 1 3 1
3 Josef Vasicek Marcus Nilson Nathan Horton 15 1 3 1
4 Greg Campbell Chris Mcallister Cam Janssen 5 1 3 1
5 vs 5 Defense
Defense Defense Time % Phy DF OF
1 Drew Doughty Colton Parayko 40 0 3 2
2 Radko Gudas Shane O'Brien 35 2 3 0
3 Cam Fowler Randy Jones 25 1 3 1
4 Drew Doughty Shane O'Brien 0 1 3 1
PowerPlay Forward
Center Left Wing Right Wing Time % Phy DF OF
1 Anze Kopitar Johnny Gaudreau Patric Hornqvist 60 1 1 3
2 Frans Nielsen Kyle Clifford Nathan Horton 40 1 1 3
PowerPlay Defense
Defense Defense Time % Phy DF OF
1 Drew Doughty Jason Pominville 60 0 2 3
2 Cam Fowler Shane O'Brien 40 1 3 1
Penalty Kill 4 Players Forward
Center Wing Time % Phy DF OF
1 Anze Kopitar Chris Mcallister 60 1 3 1
2 Nathan Horton Jason Pominville 40 1 3 1
Penalty Kill 4 Players Defense
Defense Defense Time % Phy DF OF
1 Randy Jones Shane O'Brien 60 1 4 0
2 Radko Gudas Drew Doughty 40 1 4 0
Penalty Kill - 3 Players Forward
Forward Time % Phy DF OF
1 Greg Campbell 60 1 3 1
2 Jason Pominville 40 1 3 1
Penalty Kill - 3 Players Defense
Defense Defense Time % Phy DF OF
1 Drew Doughty Shane O'Brien 60 1 4 0
2 Radko Gudas Randy Jones 40 1 4 0
4 vs 4 Forward
Center Wing Time % Phy DF OF
1 Anze Kopitar Patric Hornqvist 60 1 2 2
2 Jason Pominville Frans Nielsen 40 1 2 2
4 vs 4 Defense
Defense Defense Time % Phy DF OF
1 Drew Doughty Shane O'Brien 60 1 2 2
2 Cam Fowler Randy Jones 40 1 2 2
Last Minutes Offensive
Center Left Wing Right Wing Defense Defense
Anze Kopitar Johnny Gaudreau Patric Hornqvist Drew Doughty Shane O'Brien
Last Minutes Defensive
Center Left Wing Right Wing Defense Defense
Frans Nielsen Chris Mcallister Nathan Horton Drew Doughty Shane O'Brien
Goaltenders
Starting : Jonathan Quick
Backup : Mike Brodeur
Extra Forwards
Normal : Nathan Horton, Jason Pominville, Patric Hornqvist - PP : Josef Vasicek, Chris Mcallister - PK : Greg Campbell
Extra Defensemen
Normal : Cam Fowler, Colton Parayko, Radko Gudas - PP : Randy Jones - PK : Cam Fowler, Colton Parayko
Penalty Shots
Anze Kopitar, Nathan Horton, Patric Hornqvist, Marcus Nilson, Frans Nielsen
Scratches
None
% Time on Ice - Sabres
Lines # - Real PCT - Wanted PCT - Time Play
Normal Forward
1 - 34% - 40% - 15:18
2 - 23% - 26% - 10:25
3 - 27% - 26% - 12:12
4 - 15% - 8% - 6:55
Normal Defense
1 - 42% - 42% - 18:44
2 - 36% - 37% - 16:20
3 - 22% - 21% - 9:46
4 - 0% - 0% - 0:00
PP Forward
1 - 59% - 60% - 7:05
2 - 41% - 40% - 4:55
PP Defense
1 - 59% - 60% - 7:03
2 - 41% - 40% - 4:57
PK Forward
1 - 82% - 60% - 1:32
2 - 18% - 40% - 0:20
PK Defense
1 - 67% - 60% - 1:15
2 - 33% - 40% - 0:37
PK3 Forward
1 - 0% - 60%
2 - 0% - 40%
PK3 Defense
1 - 0% - 60%
2 - 0% - 40%
44 Forward
1 - 100% - 60% - 0:07
2 - 0% - 40% - 0:00
44 Defense
1 - 100% - 60% - 0:07
2 - 0% - 40% - 0:00
Last Minute Offensive - 1:11
Last Minute Defensive - 0:00
Total
Forward - 60:00
Defense - 60:00
|
% Time on Ice - Kings
Lines # - Real PCT - Wanted PCT - Time Play
Normal Forward
1 - 32% - 40% - 14:30
2 - 34% - 40% - 15:06
3 - 23% - 15% - 10:29
4 - 11% - 5% - 4:45
Normal Defense
1 - 40% - 40% - 17:53
2 - 37% - 35% - 16:22
3 - 21% - 25% - 9:36
4 - 2% - 0% - 0:59
PP Forward
1 - 61% - 60% - 1:08
2 - 39% - 40% - 0:44
PP Defense
1 - 70% - 60% - 1:18
2 - 30% - 40% - 0:34
PK Forward
1 - 71% - 60% - 8:28
2 - 29% - 40% - 3:32
PK Defense
1 - 61% - 60% - 7:22
2 - 39% - 40% - 4:38
PK3 Forward
1 - 0% - 60%
2 - 0% - 40%
PK3 Defense
1 - 0% - 60%
2 - 0% - 40%
44 Forward
1 - 100% - 60% - 0:07
2 - 0% - 40% - 0:00
44 Defense
1 - 100% - 60% - 0:07
2 - 0% - 40% - 0:00
Last Minute Offensive - 0:00
Last Minute Defensive - 1:11
Total
Forward - 60:00
Defense - 60:00
|
Play by Play
1st period
0:01 of 1st period - Kyle Okposo wins face-off versus Frans Nielsen in neutral zone.
0:26 of 1st period - Andrei Loktionov is hit by Anze Kopitar and loses puck.
0:54 of 1st period - Off-side.
0:55 of 1st period - Brandon Sutter wins face-off versus Jason Pominville in neutral zone.
1:27 of 1st period - Ilya Kovalchuk is hit by Patric Hornqvist and loses puck.
1:48 of 1st period - Chris Mcallister is hit by Michael Kostka and loses puck.
2:46 of 1st period - Kyle Okposo is hit by Randy Jones and loses puck.
2:53 of 1st period - Patric Hornqvist is hit by Ilya Kovalchuk and loses puck.
3:04 of 1st period - Matt Martin is hit by Chris Mcallister and loses puck.
3:43 of 1st period - Minor Penalty to Nathan Horton for Interference.
3:44 of 1st period - Vincent Lecavalier wins face-off versus Anze Kopitar in Kings zone.
3:45 of 1st period - Wrist shot by Ilya Kovalchuk.
3:45 of 1st period - Shot Hit the Post.
3:47 of 1st period - Slapshot by Zach Bogosian.
3:47 of 1st period - Stopped by Jonathan Quick without a rebound.
3:48 of 1st period - Anze Kopitar wins face-off versus Vincent Lecavalier in Kings zone.
4:03 of 1st period - Icing by Zach Bogosian.
4:04 of 1st period - Anze Kopitar wins face-off versus Vincent Lecavalier in Sabres zone.
4:19 of 1st period - Zack Kassian is hit by Chris Mcallister and loses puck.
4:34 of 1st period - Backhand shot by Ilya Kovalchuk.
4:34 of 1st period - Stopped by Jonathan Quick without a rebound.
4:35 of 1st period - Andrei Loktionov wins face-off versus Greg Campbell in Kings zone.
4:44 of 1st period - Backhand shot by Kyle Okposo.
4:44 of 1st period - Stopped by Jonathan Quick with a rebound.
4:46 of 1st period - Wrist shot by Zach Bogosian.
4:46 of 1st period - Shot Blocked by Greg Campbell.
4:48 of 1st period - Wrist shot by Zach Bogosian.
4:48 of 1st period - Stopped by Jonathan Quick without a rebound.
4:49 of 1st period - Anze Kopitar wins face-off versus Vincent Lecavalier in Kings zone.
5:04 of 1st period - Icing by Rob Scuderi.
5:05 of 1st period - Greg Campbell wins face-off versus Vincent Lecavalier in Sabres zone.
5:06 of 1st period - Snap shot by Jason Pominville.
5:06 of 1st period - Stopped by Robin Lehner without a rebound.
5:07 of 1st period - Vincent Lecavalier wins face-off versus Greg Campbell in Sabres zone.
5:14 of 1st period - Snap shot by Ilya Kovalchuk.
5:14 of 1st period - Stopped by Jonathan Quick without a rebound.
5:15 of 1st period - Vincent Lecavalier wins face-off versus Anze Kopitar in Kings zone.
5:27 of 1st period - Off-side.
5:28 of 1st period - Anze Kopitar wins face-off versus Andrei Loktionov in neutral zone.
5:35 of 1st period - Backhand shot by Andrei Loktionov.
5:35 of 1st period - Stopped by Jonathan Quick with a rebound.
5:37 of 1st period - Slapshot by Jared Cowen.
5:37 of 1st period - Shot Misses the Net.
5:39 of 1st period - Wrist shot by Kyle Okposo.
5:39 of 1st period - Shot Misses the Net.
5:41 of 1st period - Slapshot by Jared Cowen.
5:41 of 1st period - Shot Misses the Net.
5:43 of 1st period - Penalty to Nathan Horton is over, Nathan Horton is back on ice.
5:55 of 1st period - Randy Jones is hit by Matt Martin and loses puck.
6:04 of 1st period - Slapshot by Drew Doughty.
6:04 of 1st period - Stopped by Robin Lehner with a rebound.
6:06 of 1st period - Slapshot by Colton Parayko.
6:06 of 1st period - Stopped by Robin Lehner with a rebound.
6:08 of 1st period - Snap shot by Nathan Horton.
6:08 of 1st period - Shot Misses the Net.
6:10 of 1st period - Wrist shot by Anze Kopitar.
6:10 of 1st period - Shot Misses the Net.
6:59 of 1st period - Wrist shot by Anze Kopitar.
6:59 of 1st period - Shot Blocked by Vincent Lecavalier.
7:01 of 1st period - Snap shot by Chris Mcallister.
7:01 of 1st period - Stopped by Robin Lehner with a rebound.
7:09 of 1st period - Slapshot by Drew Doughty.
7:09 of 1st period - Deflect By Nathan Horton.
7:09 of 1st period - Shot Misses the Net.
7:09 of 1st period - Puck is out of play.
7:10 of 1st period - Ryan O'Reilly wins face-off versus Frans Nielsen in Sabres zone.
7:10 of 1st period - Ryan O'Reilly is hit by Radko Gudas.
7:38 of 1st period - Slapshot by Darcy Hordichuk.
7:38 of 1st period - Deflect By Brad Richardson.
7:38 of 1st period - Shot Misses the Net.
7:38 of 1st period - Puck is out of play.
7:39 of 1st period - Brandon Sutter wins face-off versus Patric Hornqvist in Kings zone.
7:50 of 1st period - Snap shot by Jason Pominville.
7:50 of 1st period - Shot Misses the Net.
8:20 of 1st period - Evander Kane is hit by Shane O'Brien and loses puck.
9:17 of 1st period - Nathan Horton is hit by Jared Cowen and loses puck.
9:27 of 1st period - Icing by Michael Kostka.
9:28 of 1st period - Greg Campbell wins face-off versus Vincent Lecavalier in Sabres zone.
9:35 of 1st period - Snap shot by Chris Mcallister.
9:35 of 1st period - Shot Blocked by Jared Cowen.
9:38 of 1st period - Icing by Michael Kostka.
9:39 of 1st period - Vincent Lecavalier wins face-off versus Anze Kopitar in Sabres zone.
9:58 of 1st period - Wrist shot by Vincent Lecavalier.
9:58 of 1st period - Stopped by Jonathan Quick with a rebound.
10:22 of 1st period - Slapshot by Matt Martin.
10:22 of 1st period - Stopped by Jonathan Quick without a rebound.
10:23 of 1st period - Frans Nielsen wins face-off versus Ilya Kovalchuk in Kings zone.
10:23 of 1st period - Frans Nielsen is hit by Kyle Okposo.
10:26 of 1st period - Minor Penalty to Radko Gudas for Hooking.
10:27 of 1st period - Anze Kopitar wins face-off versus Vincent Lecavalier in Kings zone.
10:35 of 1st period - Randy Jones is hit by Zack Kassian and loses puck.
12:26 of 1st period - Penalty to Radko Gudas is over, Radko Gudas is back on ice.
12:27 of 1st period - Drew Doughty is hit by Brandon Sutter and loses puck.
13:32 of 1st period - Snap shot by Patric Hornqvist.
13:32 of 1st period - Shot Blocked by Rob Scuderi.
13:34 of 1st period - Slapshot by Shane O'Brien.
13:34 of 1st period - Shot Blocked by Rob Scuderi.
14:05 of 1st period - Off-side.
14:06 of 1st period - Brandon Sutter wins face-off versus Greg Campbell in neutral zone.
15:37 of 1st period - Snap shot by Andrei Loktionov.
15:37 of 1st period - Shot Misses the Net.
15:44 of 1st period - Icing by Drew Doughty.
15:45 of 1st period - Ryan O'Reilly wins face-off versus Greg Campbell in Kings zone.
16:24 of 1st period - Snap shot by Jason Pominville.
16:24 of 1st period - Stopped by Robin Lehner with a rebound.
16:36 of 1st period - Snap shot by Zach Bogosian.
16:36 of 1st period - Stopped by Jonathan Quick with a rebound.
17:09 of 1st period - Minor Penalty to Josef Vasicek for Tripping.
17:10 of 1st period - Anze Kopitar wins face-off versus Vincent Lecavalier in Kings zone.
17:36 of 1st period - Randy Jones is hit by Kyle Okposo and loses puck.
19:09 of 1st period - Penalty to Josef Vasicek is over, Josef Vasicek is back on ice.
19:27 of 1st period - Johnny Gaudreau is hit by Brandon Sutter and loses puck.
19:38 of 1st period - Jordan Leopold is hit by Colton Parayko and loses puck.
19:55 of 1st period - Wrist shot by Greg Campbell.
19:55 of 1st period - Stopped by Robin Lehner with a rebound.
Goals for this period are 0 for Sabres vs 0 for Kings.
Shots for this period are 9 for Sabres vs 6 for Kings.
2nd period
0:01 of 2nd period - Anze Kopitar wins face-off versus Ilya Kovalchuk in neutral zone.
0:25 of 2nd period - Andrei Loktionov is hit by Patric Hornqvist and loses puck.
0:37 of 2nd period - Icing by Evander Kane.
0:38 of 2nd period - Anze Kopitar wins face-off versus Andrei Loktionov in Sabres zone.
0:56 of 2nd period - Wrist shot by Andrei Loktionov.
0:56 of 2nd period - Shot Misses the Net.
0:58 of 2nd period - Wrist shot by Evander Kane.
0:58 of 2nd period - Stopped by Jonathan Quick without a rebound.
0:59 of 2nd period - Ryan O'Reilly wins face-off versus Frans Nielsen in Kings zone.
1:07 of 2nd period - Minor Penalty to Frans Nielsen for Delaying the game.
1:08 of 2nd period - Anze Kopitar wins face-off versus Vincent Lecavalier in Kings zone.
1:20 of 2nd period - Slapshot by Zach Bogosian.
1:20 of 2nd period - Goal by Zach Bogosian - Sabres : 1 - Kings : 0.
1:21 of 2nd period - Anze Kopitar wins face-off versus Ryan O'Reilly in neutral zone.
1:24 of 2nd period - Slapshot by Radko Gudas.
1:24 of 2nd period - Stopped by Robin Lehner without a rebound.
1:25 of 2nd period - Ryan O'Reilly wins face-off versus Anze Kopitar in Sabres zone.
1:30 of 2nd period - Snap shot by Zach Bogosian.
1:30 of 2nd period - Stopped by Jonathan Quick without a rebound.
1:31 of 2nd period - Ryan O'Reilly wins face-off versus Anze Kopitar in Kings zone.
1:46 of 2nd period - Slapshot by Rob Scuderi.
1:46 of 2nd period - Stopped by Jonathan Quick without a rebound.
1:47 of 2nd period - Kyle Clifford wins face-off versus Zack Kassian in Kings zone.
1:52 of 2nd period - Wrist shot by Patric Hornqvist.
1:52 of 2nd period - Shot Misses the Net.
1:58 of 2nd period - Snap shot by Kyle Clifford.
1:58 of 2nd period - Stopped by Robin Lehner without a rebound.
1:59 of 2nd period - Anze Kopitar wins face-off versus Ryan O'Reilly in Sabres zone.
2:00 of 2nd period - Wrist shot by Johnny Gaudreau.
2:00 of 2nd period - Deflect By Jason Pominville.
2:00 of 2nd period - Stopped by Robin Lehner without a rebound.
2:01 of 2nd period - Jason Pominville wins face-off versus Ryan O'Reilly in Sabres zone.
2:26 of 2nd period - Zack Kassian is hit by Colton Parayko and loses puck.
2:35 of 2nd period - Slapshot by Zach Bogosian.
2:35 of 2nd period - Deflect By Drew Doughty.
2:35 of 2nd period - Stopped by Jonathan Quick with a rebound.
2:52 of 2nd period - Drew Doughty is hit by Vincent Lecavalier and loses puck.
3:02 of 2nd period - Icing by Nathan Horton.
3:03 of 2nd period - Ryan O'Reilly wins face-off versus Josef Vasicek in Kings zone.
3:08 of 2nd period - Snap shot by Ryan O'Reilly.
3:08 of 2nd period - Stopped by Jonathan Quick without a rebound.
3:09 of 2nd period - Ryan O'Reilly wins face-off versus Anze Kopitar in Kings zone.
3:18 of 2nd period - Johnny Gaudreau is hit by Kyle Okposo and loses puck.
3:23 of 2nd period - Slapshot by Kyle Okposo.
3:23 of 2nd period - Stopped by Jonathan Quick without a rebound.
3:24 of 2nd period - Kyle Okposo wins face-off versus Frans Nielsen in Kings zone.
3:32 of 2nd period - Off-side.
3:33 of 2nd period - Frans Nielsen wins face-off versus Ryan O'Reilly in neutral zone.
3:45 of 2nd period - Off-side.
3:46 of 2nd period - Anze Kopitar wins face-off versus Kyle Okposo in neutral zone.
3:51 of 2nd period - Ryan O'Reilly is hit by Anze Kopitar and loses puck.
4:22 of 2nd period - Wrist shot by Patric Hornqvist.
4:22 of 2nd period - Goal by Patric Hornqvist - Sabres : 1 - Kings : 1.
4:23 of 2nd period - Anze Kopitar wins face-off versus Ryan O'Reilly in neutral zone.
4:28 of 2nd period - Snap shot by Jason Pominville.
4:28 of 2nd period - Shot Hit the Post.
4:40 of 2nd period - Snap shot by Anze Kopitar.
4:40 of 2nd period - Deflect By Johnny Gaudreau.
4:40 of 2nd period - Shot Misses the Net.
4:40 of 2nd period - Puck is out of play.
4:41 of 2nd period - Frans Nielsen wins face-off versus Andrei Loktionov in Sabres zone.
5:55 of 2nd period - Wrist shot by Vincent Lecavalier.
5:55 of 2nd period - Stopped by Jonathan Quick with a rebound.
5:57 of 2nd period - Snap shot by Michael Kostka.
5:57 of 2nd period - Stopped by Jonathan Quick with a rebound.
5:59 of 2nd period - Wrist shot by Vincent Lecavalier.
5:59 of 2nd period - Deflect By Scottie Upshall.
5:59 of 2nd period - Shot Misses the Net.
5:59 of 2nd period - Puck is out of play.
6:00 of 2nd period - Anze Kopitar wins face-off versus Ryan O'Reilly in Kings zone.
6:07 of 2nd period - Wrist shot by Jason Pominville.
6:07 of 2nd period - Shot Misses the Net.
6:09 of 2nd period - Snap shot by Johnny Gaudreau.
6:09 of 2nd period - Shot Misses the Net.
6:11 of 2nd period - Snap shot by Colton Parayko.
6:11 of 2nd period - Stopped by Robin Lehner without a rebound.
6:12 of 2nd period - Ryan O'Reilly wins face-off versus Anze Kopitar in Sabres zone.
6:19 of 2nd period - Slapshot by Zach Bogosian.
6:19 of 2nd period - Shot Misses the Net.
6:21 of 2nd period - Slapshot by Rob Scuderi.
6:21 of 2nd period - Stopped by Jonathan Quick with a rebound.
6:23 of 2nd period - Snap shot by Kyle Okposo.
6:23 of 2nd period - Stopped by Jonathan Quick with a rebound.
6:25 of 2nd period - Wrist shot by Kyle Okposo.
6:25 of 2nd period - Shot Blocked by Anze Kopitar.
6:27 of 2nd period - Wrist shot by Zach Bogosian.
6:27 of 2nd period - Deflect By Ilya Kovalchuk.
6:27 of 2nd period - Stopped by Jonathan Quick without a rebound.
6:28 of 2nd period - Frans Nielsen wins face-off versus Andrei Loktionov in Kings zone.
6:38 of 2nd period - Colton Parayko is hit by Andrei Loktionov and loses puck.
6:53 of 2nd period - Anze Kopitar is hit by Ilya Kovalchuk and loses puck.
7:04 of 2nd period - Snap shot by Johnny Gaudreau.
7:04 of 2nd period - Shot Misses the Net.
8:23 of 2nd period - Wrist shot by Greg Campbell.
8:23 of 2nd period - Goal by Greg Campbell - Sabres : 1 - Kings : 2.
8:24 of 2nd period - Anze Kopitar wins face-off versus Ryan O'Reilly in neutral zone.
8:44 of 2nd period - Icing by Kyle Okposo.
8:45 of 2nd period - Ryan O'Reilly wins face-off versus Frans Nielsen in Sabres zone.
8:45 of 2nd period - Ryan O'Reilly is hit by Radko Gudas.
8:57 of 2nd period - Snap shot by Patric Hornqvist.
8:57 of 2nd period - Stopped by Robin Lehner with a rebound.
9:07 of 2nd period - Wrist shot by Ilya Kovalchuk.
9:07 of 2nd period - Deflect By Kyle Okposo.
9:07 of 2nd period - Stopped by Jonathan Quick with a rebound.
9:09 of 2nd period - Slapshot by Jared Cowen.
9:09 of 2nd period - Stopped by Jonathan Quick without a rebound.
9:10 of 2nd period - Andrei Loktionov wins face-off versus Anze Kopitar in Kings zone.
9:17 of 2nd period - Colton Parayko is hit by Rob Scuderi and loses puck.
9:36 of 2nd period - Colton Parayko is hit by Vincent Lecavalier and loses puck.
9:55 of 2nd period - Minor Penalty to Colton Parayko for Tripping.
9:56 of 2nd period - Vincent Lecavalier wins face-off versus Anze Kopitar in Kings zone.
9:57 of 2nd period - Slapshot by Ilya Kovalchuk.
9:57 of 2nd period - Shot Misses the Net.
9:59 of 2nd period - Slapshot by Rob Scuderi.
9:59 of 2nd period - Shot Blocked by Randy Jones.
11:55 of 2nd period - Penalty to Colton Parayko is over, Colton Parayko is back on ice.
12:04 of 2nd period - Minor Penalty to Colton Parayko for Hooking.
12:05 of 2nd period - Anze Kopitar wins face-off versus Vincent Lecavalier in Kings zone.
12:05 of 2nd period - Anze Kopitar is hit by Vincent Lecavalier.
12:53 of 2nd period - Vincent Lecavalier is hit by Anze Kopitar and loses puck.
13:55 of 2nd period - Radko Gudas is hit by Andrei Loktionov and loses puck.
14:04 of 2nd period - Penalty to Colton Parayko is over, Colton Parayko is back on ice.
14:16 of 2nd period - Snap shot by Patric Hornqvist.
14:16 of 2nd period - Shot Blocked by Brandon Sutter.
14:18 of 2nd period - Slapshot by Frans Nielsen.
14:18 of 2nd period - Shot Misses the Net.
14:34 of 2nd period - Slapshot by Michael Kostka.
14:34 of 2nd period - Shot Blocked by Randy Jones.
14:36 of 2nd period - Snap shot by Jared Cowen.
14:36 of 2nd period - Deflect By Brandon Sutter.
14:36 of 2nd period - Goal by Brandon Sutter - Sabres : 2 - Kings : 2.
14:37 of 2nd period - Anze Kopitar wins face-off versus Ryan O'Reilly in neutral zone.
15:09 of 2nd period - Evander Kane is hit by Frans Nielsen and loses puck.
15:25 of 2nd period - Icing by Scottie Upshall.
15:26 of 2nd period - Josef Vasicek wins face-off versus Brandon Sutter in Sabres zone.
15:27 of 2nd period - Snap shot by Marcus Nilson.
15:27 of 2nd period - Shot Misses the Net.
15:37 of 2nd period - Snap shot by Zach Bogosian.
15:37 of 2nd period - Goal by Zach Bogosian - Sabres : 3 - Kings : 2.
15:38 of 2nd period - Anze Kopitar wins face-off versus Ryan O'Reilly in neutral zone.
15:49 of 2nd period - Ilya Kovalchuk is hit by Colton Parayko and loses puck.
16:11 of 2nd period - Snap shot by Nathan Horton.
16:11 of 2nd period - Stopped by Robin Lehner with a rebound.
16:17 of 2nd period - Slapshot by Zach Bogosian.
16:17 of 2nd period - Stopped by Jonathan Quick with a rebound.
17:23 of 2nd period - Kyle Okposo is hit by Shane O'Brien and loses puck.
17:46 of 2nd period - Wrist shot by Nathan Horton.
17:46 of 2nd period - Stopped by Robin Lehner with a rebound.
17:58 of 2nd period - Frans Nielsen is hit by Darcy Hordichuk and loses puck.
18:09 of 2nd period - Snap shot by Darcy Hordichuk.
18:09 of 2nd period - Shot Misses the Net.
18:40 of 2nd period - Ryan O'Reilly is hit by Randy Jones and loses puck.
18:45 of 2nd period - Slapshot by Josef Vasicek.
18:45 of 2nd period - Stopped by Robin Lehner with a rebound.
18:57 of 2nd period - Slapshot by Andrei Loktionov.
18:57 of 2nd period - Stopped by Jonathan Quick without a rebound.
18:58 of 2nd period - Andrei Loktionov wins face-off versus Greg Campbell in Kings zone.
19:06 of 2nd period - Off-side.
19:07 of 2nd period - Ryan O'Reilly wins face-off versus Anze Kopitar in neutral zone.
19:30 of 2nd period - Minor Penalty to Ryan O'Reilly for Tripping.
19:31 of 2nd period - Brandon Sutter wins face-off versus Anze Kopitar in Sabres zone.
Goals for this period are 3 for Sabres vs 2 for Kings.
Shots for this period are 18 for Sabres vs 10 for Kings.
3rd period
0:01 of 3rd period - Anze Kopitar wins face-off versus Brandon Sutter in neutral zone.
1:22 of 3rd period - Minor Penalty to Anze Kopitar for Slashing.
1:23 of 3rd period - Nathan Horton wins face-off versus Kyle Okposo in Kings zone.
1:25 of 3rd period - Icing by Patric Hornqvist.
1:26 of 3rd period - Kyle Okposo wins face-off versus Nathan Horton in Kings zone.
1:30 of 3rd period - Penalty to Ryan O'Reilly is over, Ryan O'Reilly is back on ice.
1:43 of 3rd period - Snap shot by Nathan Horton.
1:43 of 3rd period - Deflect By Patric Hornqvist.
1:43 of 3rd period - Stopped by Robin Lehner with a rebound.
2:22 of 3rd period - Snap shot by Evander Kane.
2:22 of 3rd period - Shot Misses the Net.
3:02 of 3rd period - Snap shot by Greg Campbell.
3:02 of 3rd period - Deflect By Johnny Gaudreau.
3:02 of 3rd period - Shot Misses the Net.
3:02 of 3rd period - Puck is out of play.
3:03 of 3rd period - Greg Campbell wins face-off versus Vincent Lecavalier in Sabres zone.
3:04 of 3rd period - Wrist shot by Johnny Gaudreau.
3:04 of 3rd period - Shot Blocked by Zach Bogosian.
3:22 of 3rd period - Penalty to Anze Kopitar is over, Anze Kopitar is back on ice.
3:32 of 3rd period - Snap shot by Patric Hornqvist.
3:32 of 3rd period - Stopped by Robin Lehner with a rebound.
3:46 of 3rd period - Wrist shot by Rob Scuderi.
3:46 of 3rd period - Deflect By Vincent Lecavalier.
3:46 of 3rd period - Shot Misses the Net.
3:46 of 3rd period - Puck is out of play.
3:47 of 3rd period - Anze Kopitar wins face-off versus Vincent Lecavalier in Kings zone.
3:52 of 3rd period - Snap shot by Johnny Gaudreau.
3:52 of 3rd period - Stopped by Robin Lehner without a rebound.
3:53 of 3rd period - Ryan O'Reilly wins face-off versus Anze Kopitar in Sabres zone.
4:02 of 3rd period - Snap shot by Anze Kopitar.
4:02 of 3rd period - Stopped by Robin Lehner with a rebound.
4:04 of 3rd period - Snap shot by Colton Parayko.
4:04 of 3rd period - Stopped by Robin Lehner with a rebound.
4:06 of 3rd period - Slapshot by Anze Kopitar.
4:06 of 3rd period - Stopped by Robin Lehner without a rebound.
4:07 of 3rd period - Ryan O'Reilly wins face-off versus Frans Nielsen in Sabres zone.
4:56 of 3rd period - Off-side.
4:57 of 3rd period - Vincent Lecavalier wins face-off versus Marcus Nilson in neutral zone.
5:31 of 3rd period - Nathan Horton is hit by Scottie Upshall and loses puck.
6:04 of 3rd period - Wrist shot by Matt Martin.
6:04 of 3rd period - Shot Misses the Net.
6:06 of 3rd period - Slapshot by Michael Kostka.
6:06 of 3rd period - Stopped by Jonathan Quick without a rebound.
6:07 of 3rd period - Ryan O'Reilly wins face-off versus Anze Kopitar in Kings zone.
6:34 of 3rd period - Frans Nielsen is hit by Andrei Loktionov.
7:13 of 3rd period - Off-side.
7:14 of 3rd period - Ryan O'Reilly wins face-off versus Anze Kopitar in neutral zone.
7:19 of 3rd period - Wrist shot by Ilya Kovalchuk.
7:19 of 3rd period - Deflect By Anze Kopitar.
7:19 of 3rd period - Stopped by Jonathan Quick with a rebound.
7:21 of 3rd period - Slapshot by Zach Bogosian.
7:21 of 3rd period - Stopped by Jonathan Quick without a rebound.
7:22 of 3rd period - Frans Nielsen wins face-off versus Ryan O'Reilly in Kings zone.
7:22 of 3rd period - Frans Nielsen is hit by Ilya Kovalchuk.
7:28 of 3rd period - Ryan O'Reilly is hit by Kyle Clifford and loses puck.
7:50 of 3rd period - Wrist shot by Andrei Loktionov.
7:50 of 3rd period - Stopped by Jonathan Quick with a rebound.
8:08 of 3rd period - Slapshot by Zach Bogosian.
8:08 of 3rd period - Deflect By Vincent Lecavalier.
8:08 of 3rd period - Shot Blocked by Josef Vasicek.
8:08 of 3rd period - Puck is out of play.
8:09 of 3rd period - Vincent Lecavalier wins face-off versus Josef Vasicek in Kings zone.
8:34 of 3rd period - Marcus Nilson is hit by Jared Cowen and loses puck.
8:45 of 3rd period - Slapshot by Nathan Horton.
8:45 of 3rd period - Stopped by Robin Lehner with a rebound.
8:47 of 3rd period - Slapshot by Cam Fowler.
8:47 of 3rd period - Stopped by Robin Lehner without a rebound.
8:48 of 3rd period - Frans Nielsen wins face-off versus Ryan O'Reilly in Sabres zone.
8:53 of 3rd period - Slapshot by Drew Doughty.
8:53 of 3rd period - Deflect By Zach Bogosian.
8:53 of 3rd period - Stopped by Robin Lehner without a rebound.
8:54 of 3rd period - Frans Nielsen wins face-off versus Ryan O'Reilly in Sabres zone.
9:27 of 3rd period - Wrist shot by Evander Kane.
9:27 of 3rd period - Stopped by Jonathan Quick with a rebound.
9:31 of 3rd period - Wrist shot by Andrei Loktionov.
9:31 of 3rd period - Stopped by Jonathan Quick with a rebound.
10:13 of 3rd period - Wrist shot by Anze Kopitar.
10:13 of 3rd period - Stopped by Robin Lehner without a rebound.
10:14 of 3rd period - Kyle Okposo wins face-off versus Frans Nielsen in Sabres zone.
10:14 of 3rd period - Kyle Okposo is hit by Frans Nielsen.
10:29 of 3rd period - Snap shot by Ilya Kovalchuk.
10:29 of 3rd period - Shot Misses the Net.
10:39 of 3rd period - Jordan Leopold is hit by Radko Gudas and loses puck.
11:12 of 3rd period - Wrist shot by Greg Campbell.
11:12 of 3rd period - Shot Misses the Net.
11:24 of 3rd period - Snap shot by Ilya Kovalchuk.
11:24 of 3rd period - Shot Blocked by Frans Nielsen.
12:00 of 3rd period - Snap shot by Jason Pominville.
12:00 of 3rd period - Stopped by Robin Lehner with a rebound.
12:02 of 3rd period - Slapshot by Radko Gudas.
12:02 of 3rd period - Stopped by Robin Lehner without a rebound.
12:03 of 3rd period - Andrei Loktionov wins face-off versus Anze Kopitar in Sabres zone.
12:03 of 3rd period - Andrei Loktionov is hit by Anze Kopitar.
12:15 of 3rd period - Snap shot by Zack Kassian.
12:15 of 3rd period - Stopped by Jonathan Quick with a rebound.
12:17 of 3rd period - Wrist shot by Evander Kane.
12:17 of 3rd period - Stopped by Jonathan Quick with a rebound.
12:19 of 3rd period - Slapshot by Michael Kostka.
12:19 of 3rd period - Deflect By Evander Kane.
12:19 of 3rd period - Stopped by Jonathan Quick with a rebound.
12:50 of 3rd period - Slapshot by Drew Doughty.
12:50 of 3rd period - Deflect By Anze Kopitar.
12:50 of 3rd period - Shot Misses the Net.
12:50 of 3rd period - Puck is out of play.
12:51 of 3rd period - Patric Hornqvist wins face-off versus Ryan O'Reilly in Sabres zone.
13:06 of 3rd period - Slapshot by Patric Hornqvist.
13:06 of 3rd period - Shot Misses the Net.
13:18 of 3rd period - Radko Gudas is hit by Zack Kassian and loses puck.
14:23 of 3rd period - Wrist shot by Brad Richardson.
14:23 of 3rd period - Stopped by Jonathan Quick without a rebound.
14:24 of 3rd period - Ilya Kovalchuk wins face-off versus Anze Kopitar in Kings zone.
14:56 of 3rd period - Zach Bogosian is hit by Johnny Gaudreau and loses puck.
15:27 of 3rd period - Snap shot by Frans Nielsen.
15:27 of 3rd period - Deflect By Evander Kane.
15:27 of 3rd period - Shot Misses the Net.
15:27 of 3rd period - Puck is out of play.
15:28 of 3rd period - Ryan O'Reilly wins face-off versus Frans Nielsen in Sabres zone.
15:53 of 3rd period - Nathan Horton is hit by Matt Martin and loses puck.
16:06 of 3rd period - Snap shot by Vincent Lecavalier.
16:06 of 3rd period - Shot Misses the Net.
16:26 of 3rd period - Wrist shot by Cam Janssen.
16:26 of 3rd period - Deflect By Chris Mcallister.
16:26 of 3rd period - Goal by Chris Mcallister - Sabres : 3 - Kings : 3.
16:27 of 3rd period - Kyle Clifford wins face-off versus Vincent Lecavalier in neutral zone.
16:29 of 3rd period - Off-side.
16:30 of 3rd period - Vincent Lecavalier wins face-off versus Frans Nielsen in neutral zone.
16:43 of 3rd period - Snap shot by Vincent Lecavalier.
16:43 of 3rd period - Stopped by Jonathan Quick without a rebound.
16:44 of 3rd period - Frans Nielsen wins face-off versus Scottie Upshall in Kings zone.
18:48 of 3rd period - Backhand shot by Drew Doughty.
18:48 of 3rd period - Goal by Drew Doughty - Sabres : 3 - Kings : 4.
18:49 of 3rd period - Vincent Lecavalier wins face-off versus Frans Nielsen in neutral zone.
18:52 of 3rd period - Sabres, Robin Lehner is pulled from the net.
18:58 of 3rd period - Snap shot by Ilya Kovalchuk.
18:58 of 3rd period - Shot Blocked by Shane O'Brien.
19:10 of 3rd period - Wrist shot by Ilya Kovalchuk.
19:10 of 3rd period - Stopped by Jonathan Quick without a rebound.
19:11 of 3rd period - Jacques Martin call a timeout for Sabres.
19:11 of 3rd period - Vincent Lecavalier wins face-off versus Frans Nielsen in Kings zone.
19:24 of 3rd period - Frans Nielsen is hit by Kyle Okposo and loses puck.
19:29 of 3rd period - Slapshot by Ilya Kovalchuk.
19:29 of 3rd period - Stopped by Jonathan Quick with a rebound.
19:31 of 3rd period - Slapshot by Kyle Okposo.
19:31 of 3rd period - Deflect By Vincent Lecavalier.
19:31 of 3rd period - Shot Blocked by Shane O'Brien.
19:31 of 3rd period - Puck is out of play.
19:32 of 3rd period - Vincent Lecavalier wins face-off versus Frans Nielsen in Kings zone.
19:39 of 3rd period - Wrist shot by Ilya Kovalchuk.
19:39 of 3rd period - Shot Blocked by Drew Doughty.
19:56 of 3rd period - Wrist shot by Vincent Lecavalier.
19:56 of 3rd period - Deflect By Ilya Kovalchuk.
19:56 of 3rd period - Shot Blocked by Drew Doughty.
19:56 of 3rd period - Puck is out of play.
19:57 of 3rd period - Vincent Lecavalier wins face-off versus Frans Nielsen in Kings zone.
19:58 of 3rd period - Wrist shot by Ilya Kovalchuk.
19:58 of 3rd period - Stopped by Jonathan Quick without a rebound.
19:59 of 3rd period - Frans Nielsen wins face-off versus Vincent Lecavalier in Kings zone.
Goals for this period are 0 for Sabres vs 2 for Kings.
Shots for this period are 14 for Sabres vs 14 for Kings.
Back to the Top